 Dungeon Crawl Stone Soup version 0.17-a0-1838-g891d947 (webtiles) character file.

4641 abixa the Grappler (level 10, -5/87 (88) HPs)
             Began as a Ghoul Monk on Sept 15, 2015.
             Was a High Priest of Okawaru.
             Slain by a queen bee (12 damage)
             ... on level 8 of the Dungeon.
             The game lasted 00:23:24 (8108 turns).

abixa the Grappler (Ghoul Monk)                     Turns: 8108, Time: 00:23:24

HP:   -5/87 (88)    AC: 12    Str: 22    XL:     10   Next: 43%
MP:   10/10         EV: 16    Int:  5    God:    Okawaru [*****.]
Gold: 464           SH: 12    Dex: 14    Spells: 0 memorised, 9 levels left

rFire  . . .     SeeInvis .       - Unarmed
rCold  + . .     Clarity  .     B - +2 scale mail {MR+}
rNeg   + + +     SustAt   .     i - +0 shield
rPois  ∞         Gourm    .     k - +0 helmet
rElec  .         Spirit   .     (no cloak)
rCorr  .         Warding  .     (no gloves)
rMut   .         Stasis   .     (no boots)
MR     ++...                    (no amulet)
Stlth  ++........               W - +6 ring of strength
                                x - ring of protection from magic

@: heroism, rotting, very resistant to hostile enchantments, unstealthy
A: rotting body, claws 1, carnivore 3, cold resistance 1, negative energy
resistance 3, slow healing 1, torment resistance, unbreathing
a: Heroism, Finesse, Renounce Religion


You were on level 8 of the Dungeon.
You worshipped Okawaru.
Okawaru was extremely pleased with you.
You were not hungry.

You visited 2 branches of the dungeon, and saw 9 of its levels.

You collected 464 gold pieces.

Inventory:

Hand weapons
 j - a +0 hunting sling
 m - a +0 spear
Missiles
 d - 174 stones (quivered)
 p - 8 arrows of dispersal
 C - 3 javelins
 G - 5 tomahawks
 H - 15 bolts of flame
 I - 24 poisoned needles
 K - 21 sling bullets
 S - 17 bolts
 T - 35 arrows
Armour
 i - a +0 shield (worn)
 k - a +0 helmet (worn)
 B - a +2 scale mail of magic resistance (worn)
Jewellery
 x - a ring of protection from magic (left claw)
 J - an uncursed ring of fire
 P - an uncursed ring of ice
 V - an uncursed ring of protection from fire
 W - a +6 ring of strength (right claw)
Magical devices
 F - a wand of teleportation (3)
 O - a wand of cold (3)
 R - a wand of digging (13)
Scrolls
 a - 9 scrolls of remove curse {unknown}
 f - a scroll of fog {unknown}
 l - 4 scrolls of teleportation {unknown}
 n - 14 scrolls of identify {unknown}
 t - 2 scrolls of magic mapping {unknown}
 u - a scroll of fear {unknown}
 w - a scroll of random uselessness {unknown}
 y - a scroll of amnesia {unknown}
 N - a scroll of recharging {unknown}
Potions
 e - 2 potions of might {unknown}
 g - 8 potions of heal wounds {unknown}
 h - 3 potions of curing {unknown}
 o - 2 potions of degeneration {unknown}
 q - a potion of resistance {unknown}
 r - 3 potions of brilliance {unknown}
 s - a potion of haste {unknown}
 v - a potion of agility {unknown}
 z - a potion of mutation {unknown}
 D - 2 potions of flight {unknown}
 E - a potion of cure mutation {unknown}
 L - a potion of magic {unknown}
 Q - 2 potions of cancellation {unknown}
 U - 3 potions of berserk rage {unknown}
 X - a potion of ambrosia {unknown}
Books
 M - a book of Changes

   Spells                             Type                      Level
   a - Beastly Appendage              Transmutation                1
   b - Sticks to Snakes               Transmutation                2
   c - Spider Form                    Transmutation/Poison         3
   d - Ice Form                       Ice/Transmutation            4
   e - Blade Hands                    Transmutation                5
 Y - a book of Cantrips

   Spells                             Type                      Level
   a - Corona                         Hexes                        1
   b - Animate Skeleton               Necromancy                   1
   c - Summon Small Mammal            Summoning                    1
   d - Apportation                    Translocation                1
Comestibles
 b - 6 meat rations
 c - 2 beef jerkies
 A - 2 slices of pizza


   Skills:
 + Level 8.0(13.0) Fighting
 + Level 5.8(10.8) Armour
 + Level 6.8(11.8) Dodging
 - Level 2.1(7.1) Stealth
 + Level 5.8(10.8) Shields
 + Level 8.6(13.6) Unarmed Combat
 - Level 1.5 Invocations


You had 9 spell levels left.
You didn't know any spells.

Dungeon Overview and Level Annotations

Branches:
Dungeon (8/15)             Temple (1/1) D:4
   Lair: D:8-11

Altars:
Ashenzari
Cheibriados
Dithmenos
Elyvilon
Fedhas
Kikubaaqudgha
Makhleb
Nemelex Xobeh
Okawaru
Qazlal
Ru
Sif Muna
Trog
Vehumet
Xom
Yredelemnul
Zin
The Shining One

Annotations:
D:3 shakdrar's ghost, average MiFi


Innate Abilities, Weirdness & Mutations

Your body is rotting away.
You thrive on raw meat.
You are immune to poison.
You have sharp fingernails.
You are carnivorous and can eat meat at any time.
Your flesh is cold resistant.
You are immune to negative energy.
You heal slowly when monsters are visible.
You are immune to unholy pain and torment.
You can survive without breathing.


Message History

The queen bee closely misses you.
You scratch the queen bee.
The queen bee is heavily wounded.
You scratch the queen bee but do no damage.
The queen bee is heavily wounded.
You block the queen bee's attack.
You barely miss the queen bee.
The queen bee is heavily wounded.
The queen bee stings you.
* * * LOW HITPOINT WARNING * * *
You claw the queen bee!
The queen bee is almost dead.
The queen bee stings you.
* * * LOW HITPOINT WARNING * * *
You closely miss the queen bee.
The queen bee is almost dead.
You scratch the queen bee but do no damage.
The queen bee is almost dead.
The queen bee stings you!
You die...

#...# #.# ###
#..># #.###
#†### #...#
#.# #†#
###.#.# ..#
#)# #.....#
##.# #.#
#.....# #..#
#.# ##.._..##
###..# #y#
#.......#
####....# #@#
#.......#
........####.#
#.##.##.#
#.†....#
#.......#
######.#
####.####
#.########.#
#.y........#
#.##########
#.# ###


You could see a queen bee and a killer bee (wandering).

Vanquished Creatures
  Erica (D:8)
  Pikel (D:5)
  Prince Ribbit (D:6)
  Sigmund (D:3)
  A yak (D:8)
  Eustachio (D:6)
  A hungry ghost (D:8)
  Edmund (D:5)
  A water moccasin (D:7)
  Duvessa (D:6)
  2 slaves
  A sky beast (D:7)
  An ogre (D:6)
  An ice beast (D:5)
  3 orc warriors
  2 centaurs
  A giant frog (D:7)
  12 killer bees (D:8)
  Dowan (D:6)
  2 scorpions (D:7)
  3 wights (D:7)
  3 jellies
  2 crimson imps
  4 hounds
  2 orc priests
  3 orc wizards
  An iguana (D:8)
  4 worker ants
  A hound zombie (D:5)
  2 worker ant zombies
  4 gnolls (D:7)
  10 adders
  A shadow imp (D:8)
  An ooze (D:6)
  An adder skeleton (D:7)
  2 worms
  3 giant geckos
  30 orcs
  6 giant cockroaches
  4 goblins
  7 hobgoblins
  6 jackals
  5 quokkas
  A ball python (D:1)
  9 bats
  A giant gecko skeleton (D:6)
  8 giant newts
  8 kobolds
  2 quokka skeletons
  A quokka zombie (D:8)
  12 rats
183 creatures vanquished.

Notes
Turn   | Place    | Note
--------------------------------------------------------------
     0 | D:1      | abixa the Ghoul Monk began the quest for the Orb.
     0 | D:1      | Reached XP level 1. HP: 19/19 MP: 0/0
   154 | D:1      | Reached XP level 2. HP: 20/26 MP: 1/1
   294 | D:1      | Reached skill level 5 in Unarmed Combat
   753 | D:2      | Reached XP level 3. HP: 31/31 MP: 2/2
   911 | D:2      | Reached XP level 4. HP: 36/40 MP: 3/3
   934 | D:2      | Found a shadowy altar of Dithmenos.
  1389 | D:3      | Noticed Sigmund
  1432 | D:3      | Noticed shakdrar's ghost (average MiFi)
  2030 | D:2      | Reached skill level 1 in Shields
  2061 | D:3      | Reached skill level 1 in Armour
  2061 | D:3      | Reached XP level 5. HP: 32/45 MP: 4/4
  2798 | D:3      | Killed Sigmund
  2798 | D:3      | Reached XP level 6. HP: 11/53 MP: 5/5
  3209 | D:4      | Found a staircase to the Ecumenical Temple.
  3218 | Temple   | Entered the Ecumenical Temple
  3244 | Temple   | Became a worshipper of Warmaster Okawaru
  3244 | Temple   | Acquired Okawaru's first power
  3834 | D:5      | Entered Level 5 of the Dungeon
  3876 | D:5      | Reached skill level 1 in Invocations
  3876 | D:5      | Reached XP level 7. HP: 41/56 MP: 5/7
  3888 | D:5      | Noticed Pikel
  4349 | D:5      | Found a glowing golden altar of the Shining One.
  4610 | D:5      | Noticed Edmund
  4627 | D:5      | Killed Edmund
  4627 | D:5      | Reached skill level 5 in Fighting
  4627 | D:5      | Reached skill level 6 in Unarmed Combat
  4972 | D:5      | Killed Pikel
  4972 | D:5      | Reached XP level 8. HP: 40/67 MP: 8/8
  5102 | D:6      | Noticed Prince Ribbit
  5118 | D:6      | Killed Prince Ribbit
  5118 | D:6      | Reached skill level 5 in Dodging
  5137 | D:6      | Noticed Dowan
  5140 | D:6      | Noticed Duvessa
  5147 | D:6      | Killed Dowan
  5147 | D:6      | Reached skill level 7 in Unarmed Combat
  5163 | D:6      | Killed Duvessa
  5340 | D:6      | Found Obywnuv's Antique Armour Shop.
  5421 | D:6      | Reached XP level 9. HP: 24/72 MP: 9/9
  5994 | D:6      | Found a sparkling altar of Nemelex Xobeh.
  5994 | D:6      | Noticed Eustachio
  6014 | D:6      | Killed Eustachio
  7140 | D:8      | Reached skill level 5 in Shields
  7209 | D:8      | Reached skill level 8 in Unarmed Combat
  7215 | D:8      | Reached skill level 5 in Armour
  7349 | D:8      | Reached XP level 10. HP: 86/86 MP: 10/10
  7609 | D:8      | Noticed Erica
  7631 | D:8      | Killed Erica
  7631 | D:8      | Acquired Okawaru's second power
  7953 | D:8      | Found a stormy altar of Qazlal.
  8068 | D:8      | Received a gift from Okawaru
  8108 | D:8      | Slain by a queen bee

Vault maps used:
D:1:      moated_graveyard_arrival
D:2:      st_stairs_11, nicolae_dithmenos_through_a_glass_darkly
D:3:      uniq_sigmund
D:4:      temple_statues, first_bread
D:5:      nicolae_tso_carved_into_rock, uniq_edmund, uniq_pikel
D:6:      serial_shops, shop, nemelex_dance_club_becter, uniq_duvessa,
          uniq_eustachio, uniq_prince_ribbit1
D:8:      minmay_opposing_rooms, basic_altar, david_nohive_1, uniq_erica
Temple:   grunt_circular_temple_18

Action                   |  1- 3 |  4- 6 |  7- 9 | 10-12 || total
-------------------------+-------+-------+-------+-------++-------
Melee: Unarmed           |   120 |   224 |   419 |    98 ||   861
Invok: Heroism           |       |       |     1 |     1 ||     2
Evoke: Wand              |       |       |     4 |     1 ||     5
 Stab: Sleeping          |     2 |       |       |       ||     2
  Eat: Chunk             |     7 |     8 |    30 |     2 ||    47
